[Event "European Rapid Championship 2021"]
[Site "Katowice"]
[Date "2021.12.19"]
[Round "8.24"]
[White "Danielyan, Vahe"]
[Black "Malicka, Maria"]
[Result "1-0"]
[ECO "B11"]
[WhiteElo "2198"]
[BlackElo "1947"]
[Annotator "NA"]
[PlyCount "95"]
[EventDate "2021.12.18"]
[EventType "swiss"]
[EventCountry "POL"]
[SourceTitle "playchess.com"]
[Source "ChessBase"]
[SourceQuality "1"]
[TimeControl "900+10"]

1. e4 c6 2. Nc3 d5 3. Nf3 Bg4 4. d4 e6 5. Be2 Nd7 6. O-O dxe4 7. Nxe4 Ngf6 8.
Ng3 Bd6 9. h3 Bxf3 10. Bxf3 Qc7 11. c3 O-O 12. Qb3 Nb6 13. a4 a5 14. Bg5 Be7 15. Rfe1 Nfd5 16. Bd2 Nd7 17. Nf5 Bf6 18. Ne3 Nxe3 19. Bxe3 Nb6 20. g3 Nd5 21. Bd2 Be7 22. Kg2 Rfd8 23. Re2 c5 24. dxc5 Bxc5 25. Rae1 Rac8 26. Bg5 Rd7 27. h4 h6 28. Bc1 Rcd8 29. Qb5 Qb6 30. Qc4 Rc7 31. Qg4 Nf6 32. Qh3 Qb3 33. g4 Nd5 34. g5 Qxa4 35.
Re4 Qc2 36. R4e2 Qa4 37. b4 axb4 38. gxh6 g6 39. h5 bxc3 40. hxg6 Nf4+ 41. Bxf4 Qxf4 42. Re4 Qd2 43. R1e2 Qd3 44. Qg3 Re7 45. h7+ Kg7 46. gxf7+ Kxf7 47. Bh5+ Kf6 48. Qg6# 1-0

[Event "European Rapid Championship 2021"]
[Site "Katowice"]
[Date "2021.12.19"]
[Round "8.24"]
[White "Froewis, Annika"]
[Black "Laurusas, Tomas"]
[Result "0-1"]
[ECO "B90"]
[WhiteElo "2079"]
[BlackElo "2553"]
[Annotator "ChessBase"]
[PlyCount "38"]
[EventDate "2021.12.18"]
[EventType "swiss"]
[EventCountry "POL"]
[SourceTitle "playchess.com"]
[Source "ChessBase"]
[SourceQuality "1"]
[TimeControl "900+10"]

1. e4 c5 2. Nf3 d6 3. d4 cxd4 4. Nxd4 Nf6 5. Nc3 a6 6. h4 Nc6 7. a4 e5 8. Nb3 Be6 9. Bg5 Be7 10. g3 Nb4 11. f4 exf4 12. gxf4 h6 13.
Bxf6 Bxf6 14. h5 Qb6 15. Be2 Rc8 16. Qd2 O-O 17. Ra3 Rfe8 18.
a5 Qc6 19. Nd4 Bxd4 0-1

[Event "European Rapid Championship 2021"]
[Site "Katowice"]
[Date "2021.12.19"]
[Round "8.25"]
[White "Flasinski, Michal"]
[Black "Redzisz, Michal"]
[Result "1/2-1/2"]
[ECO "D92"]
[WhiteElo "2195"]
[BlackElo "2257"]
[Annotator "NA"]
[PlyCount "77"]
[EventDate "2021.12.18"]
[EventType "swiss"]
[EventCountry "POL"]
[SourceTitle "playchess.com"]
[Source "ChessBase"]
[SourceQuality "1"]
[TimeControl "900+10"]

1. d4 Nf6 2. Nf3 g6 3. c4 Bg7 4. Nc3 d5 5. Bf4 O-O 6. Rc1 c6 7. e3 a6 8. h3 b5 9. cxd5 cxd5 10. Bd3 Bb7 11. O-O Nc6 12. Qe2 Rc8 13.
Nd2 Nh5 14. Bg5 Qd6 15. Nb3 e5 16. dxe5 Nxe5 17. Rfd1 Nxd3 18. Rxd3 b4 19. Nd1 Rxc1 20. Nxc1 a5 21. Qf3 Qc7 22. Nb3 d4 23.
Qg4 f5 24. Qh4 h6 25. Bxh6 Bxh6 26. Nxd4 Qc4 27. Rd2 a4 28. Nxf5 Qxh4 29. Nxh4 g5 30. Ng6 Re8 31. Rd7 Be4 32. Ne7+ Kf8 33. Nd5 Bxd5 34. Rxd5 Nf6 35. Rd4 Rb8 36. Kf1 Bg7 37. a3 bxa3 38. bxa3 Rb3 39. Rxa4 1/2-1/2

[Event "European Rapid Championship 2021"]
[Site "Katowice"]
[Date "2021.12.19"]
[Round "8.25"]
[White "Kukula, Pawel"]
[Black "Diermair, Andreas"]
[Result "1/2-1/2"]
[ECO "A40"]
[WhiteElo "2088"]
[BlackElo "2408"]
[Annotator "NA"]
[PlyCount "66"]
[EventDate "2021.12.18"]
[EventType "swiss"]
[EventCountry "POL"]
[SourceTitle "playchess.com"]
[Source "ChessBase"]
[SourceQuality "1"]
[TimeControl "900+10"]

1. d4 e6 2. Nf3 f5 3. Nc3 Nf6 4. Bg5 Bb4 5. Qd3 h6 6. Bxf6 Qxf6 7. O-O-O O-O 8. h3 b6 9. g4 Ba6 10. Qd2 c5 11. Rg1 cxd4 12. Nxd4 f4 13. Bg2 Nc6 14. Bxc6 dxc6 15. Nxc6 Bxc3 16. Qxc3 Qxc3 17. bxc3 Bxe2 18. Rd6 Bc4 19. Kb2 Rfe8 20. g5 h5 21. Ne5 Be2 22. f3 Rad8 23. Rxd8 Rxd8 24. Re1 Ba6 25. Ng6 Bb7 26. Nxf4 Bxf3 27. Rxe6 h4 28. g6 Rf8 29. Nd3 Bg2 30. Re3 Rf6 31. Re8+ Rf8 32. Re3 Rf6 33. Re8+ Rf8 1/2-1/2

[Event "European Rapid Championship 2021"]
[Site "Katowice"]
[Date "2021.12.19"]
[Round "8.26"]
[White "Przybylski, Wojciech"]
[Black "Piechocki, Franciszek"]
[Result "1-0"]
[ECO "B52"]
[WhiteElo "2321"]
[BlackElo "1936"]
[Annotator "NA"]
[PlyCount "68"]
[EventDate "2021.12.18"]
[EventType "swiss"]
[EventCountry "POL"]
[SourceTitle "playchess.com"]
[Source "ChessBase"]
[SourceQuality "1"]
[TimeControl "900+10"]

1. e4 c5 2. Nf3 d6 3. Bb5+ Bd7 4. Bxd7+ Qxd7 5. c4 g6 6. O-O Bg7 7. d4 cxd4 8. Nxd4 Nc6 9. Be3 Nf6 10. f3 O-O 11. Nc3 Rac8 12. b3 Nxd4 13.
Bxd4 b6 14. Qd2 Qc6 15. Rac1 Rfd8 16. Rfd1 Ne8 17. Nd5 Bxd4+ 18. Qxd4 Rd7 19. Ne3 Qc5 20. Qc3 Nf6 21. b4 Qe5 22. Qd3 e6 23. Qd4 Qxd4 24. Rxd4 Kf8 25. Rcd1 Ke7 26. g4 g5 27. Kf2 a5 28. bxa5 Ra8 29. axb6 Rxa2+ 30. R4d2 Rxd2+ 31.
Rxd2 Rb7 32. e5 Nd7 33. exd6+ Ke8 34. Rb2 Rxb6 1-0

[Event "European Rapid Championship 2021"]
[Site "Katowice"]
[Date "2021.12.19"]
[Round "8.26"]
[White "Brzezinski, Mateusz"]
[Black "Kjartansson, Gudmundur"]
[Result "1/2-1/2"]
[ECO "D00"]
[WhiteElo "2187"]
[BlackElo "2402"]
[Annotator "NA"]
[PlyCount "133"]
[EventDate "2021.12.18"]
[EventType "swiss"]
[EventCountry "POL"]
[SourceTitle "playchess.com"]
[Source "ChessBase"]
[SourceQuality "1"]
[TimeControl "900+10"]

1. d4 d5 2. Bf4 c5 3. e3 Nc6 4. c3 Bf5 5. Nd2 e6 6. Ngf3 cxd4 7. exd4 Bd6 8. Bg3 h6 9. Bb5 Nge7 10.
Qe2 O-O 11. O-O a6 12. Bd3 Bxg3 13. hxg3 b5 14. b4 Bxd3 15. Qxd3 Nf5 16. a4 Nd6 17. Nb3 bxa4 18. Rxa4 a5 19. Rfa1 Nc4 20. R4a2 Qb6 21. Nfd2 Rfc8 22. Nc5 Nxd2 23. Qxd2 Ra7 24. Qb2 axb4 25. Rxa7 Nxa7 26. Ra6 Qb8 27. cxb4 Nc6 28. b5 Nxd4 29. b6 Rxc5 30. b7 Kh7 31. Ra8 Qe5 32. Qb1+ g6 33. b8=Q Rc1+ 34. Qxc1 Qxb8 35. Qxh6+ Kxh6 36. Rxb8 Kg5 37. f3 Kf6 38. Rb7 Nf5 39. Kf2 Nd6 40. Ra7 Nc4 41. g4 Ne5 42. Kg3 g5 43. Kf2 Ng6 44.
Ra8 Nf4 45. g3 Nd3+ 46. Ke3 Ne5 47. Rg8 Nc4+ 48. Kd4 Ne5 49.
Ke3 Nc4+ 50. Ke2 Nd6 51. f4 Ne4 52. Kf3 Nd2+ 53. Ke3 Ne4 54.
Kf3 Nd2+ 55. Kg2 Ne4 56. Ra8 Kg6 57. Ra2 Kf6 58. Kf3 Nc3 59.
Rh2 Ne4 60. Re2 Nc3 61. Rd2 Ne4 62. Rc2 Nd6 63. Rg2 Ne4 64.
Ke3 Nd6 65. Rh2 Ne4 66. Rh3 Kg6 67. Kf3 1/2-1/2

[Event "European Rapid Championship 2021"]
[Site "Katowice"]
[Date "2021.12.19"]
[Round "8.27"]
[White "Wiewiora, Eneasz"]
[Black "Dzhuguryan, Tygran"]
[Result "1/2-1/2"]
[ECO "B14"]
[WhiteElo "2333"]
[BlackElo "2047"]
[Annotator "ChessBase"]
[PlyCount "180"]
[EventDate "2021.12.18"]
[EventType "swiss"]
[EventCountry "POL"]
[SourceTitle "playchess.com"]
[Source "ChessBase"]
[SourceQuality "1"]
[TimeControl "900+10"]

1. e4 c6 2. c4 d5 3. exd5 cxd5 4. d4 Nf6 5. Nc3 e6 6. Nf3 Bb4 7. Bd3 dxc4 8. Bxc4 Bxc3+ 9. bxc3 Qc7 10. Qe2 O-O 11. O-O Nbd7 12. Bd2 b6 13. Bd3 Bb7 14. h3 Rfe8 15. Rfe1 Nf8 16. Ne5 Ng6 17. Nxg6 hxg6 18. c4 Qc6 19. f3 Qd6 20. Be3 Ba6 21. Qf2 Qa3 22. Bf1 Rac8 23. Rec1 Qa4 24. Qc2 Qxc2 25. Rxc2 Rc6
26. Rac1 Rec8 27. a4 Kf8 28. a5 b5 29. c5 Nd5 30. Bd2 b4 31. Rb1 Bxf1 32. Kxf1 e5 33. dxe5 Rxc5 34. Rxc5 Rxc5 35. Rxb4 Rc2 36. Rb8+ Ke7 37. Ke2 Ke6 38. Re8+ Kd7 39. Ra8 Rc7 40. Kd3 Kc6 41. Rg8 Rd7 42. Ke2 Nc7 43.
Rxg7 a6 44. Rg8 Kd5 45. f4 Ke4 46. Rc8 Ne6 47. Ke1 Nd4 48. Rc4 Kd5 49. Rc8 Ke4 50. Ra8 Rb7 51. Bc3 Nb5 52. Bd2 Nd4 53. Bc3 Nb5 54. Bb4 Nd4 55. Bc5 Rb1+ 56. Kd2 Rb2+ 57. Ke1 Ne6 58. Bb6 Nxf4 59. Rxa6 Nxg2+ 60. Kd1 Kd3 61. Kc1 Rb5 62. Ra7 Nf4 63. Rd7+ Nd5 64. a6 Kc3 65. Rxd5 Rxd5 66. a7 Rxe5 67. Bd4+ Kxd4 68. a8=Q Rf5 69. Qe8 Kd3 70. Kb2 Kd4 71. Kb3 Rf3+ 72. Kb4 Rf5 73. Qe7 Kd3 74. Ka4 Kd4 75. Kb3 Kd5 76. Kc3 Rf3+ 77. Kd2 Rf5 78. Kd3 Rf3+ 79. Kc2 Rf5 80. Kc3 Rf3+ 81. Kb4 Rf4+ 82. Kb5 Rf5 83. Kb6 Kd4 84. Kc6 Kd3 85. Kd7 Kd4 86. Ke8 Re5 87. Qxe5+ Kxe5 88. Kxf7 Kf5 89. h4 Kg4 90. Kxg6 Kxh4 1/2-1/2

[Event "European Rapid Championship 2021"]
[Site "Katowice"]
[Date "2021.12.19"]
[Round "8.27"]
[White "Rudnicki, Milosz"]
[Black "Pozimski, Szymon"]
[Result "1/2-1/2"]
[ECO "D00"]
[WhiteElo "2200"]
[BlackElo "1911"]
[Annotator "NA"]
[PlyCount "56"]
[EventDate "2021.12.18"]
[EventType "swiss"]
[EventCountry "POL"]
[SourceTitle "playchess.com"]
[Source "ChessBase"]
[SourceQuality "1"]
[TimeControl "900+10"]

1. d4 d5 2. Bf4 Nf6 3. e3 c6 4. c3 Qb6 5. Qb3 Bf5 6. Nd2 e6 7. Ngf3 Nbd7 8. Nh4 Bg6 9. Nxg6 hxg6 10. h3 Be7 11. Bd3 O-O 12. O-O Rfc8 13.
e4 dxe4 14. Nxe4 Nxe4 15. Bxe4 Nf6 16. Bf3 Qxb3 17. axb3 Rd8 18. b4 a6 19. Rfe1 Nd5 20. Bg3 Rac8 21. Bxd5 Rxd5 22. f3 Bf6 23. Kf2 Rcd8 24. Re4 Kf8 25. Ke2 Rg5 26. Kf2 Rgd5 27. Ke2 Rg5 28. Kf2 Rgd5 1/2-1/2

[Event "European Rapid Championship 2021"]
[Site "Katowice"]
[Date "2021.12.19"]
[Round "8.28"]
[White "Rigopoulos-Tsigkos, Alexandros"]
[Black "Wieczorek, Oskar"]
[Result "0-1"]
[ECO "B53"]
[WhiteElo "2076"]
[BlackElo "2367"]
[Annotator "NA"]
[PlyCount "104"]
[EventDate "2021.12.18"]
[EventType "swiss"]
[EventCountry "POL"]
[SourceTitle "playchess.com"]
[Source "ChessBase"]
[SourceQuality "1"]
[TimeControl "900+10"]

1. e4 c5 2. Nf3 d6 3. d4 cxd4 4. Qxd4 Nc6 5. Bb5 Bd7 6. Bxc6 Bxc6 7. Nc3 Nf6 8. Bg5 Qb6 9. Bxf6 gxf6 10. Qxb6 axb6 11. Nd4 Rg8 12. Nxc6 bxc6 13. g3 e6 14. O-O h5 15. h4 d5 16. exd5 cxd5 17. Nb5 Rc8 18.
c3 f5 19. Kh2 f4 20. a4 Kd7 21. a5 bxa5 22. Rxa5 Bc5 23. Kg2 Bb6 24. Ra4 Rc5 25. Nd4 Bc7 26. Ne2 e5 27. Rd1 Kc6 28. Ra6+ Bb6 29. Kf3 Kb7 30. Rxb6+ Kxb6 31. gxf4 f6 32. b4 Rb5 33. Ng3 Rc8 34. Ne2 Rc4 35. Rg1 d4 36. cxd4 exd4 37. Rd1 Rbxb4 38. Ke4 Kc5 39. Rd3 Rb2 40. Ng3 Rxf2 41. Kf5 Kd5 42. Nxh5 Rc3 43. Nxf6+ Kc4 44. Rd1 Rcf3 45. Rc1+ Kb3 46. Nd5 d3 47. Ke4 d2 48. Ra1 Rf1 49. Rxf1 Rxf1 50. Ne3 Re1 51. Kd3 Rxe3+ 52. Kxd2 Rf3 0-1

[Event "European Rapid Championship 2021"]
[Site "Katowice"]
[Date "2021.12.19"]
[Round "8.28"]
[White "Gerasimenyuk, Mikhail"]
[Black "Sanz Wawer, Daniel"]
[Result "0-1"]
[ECO "A46"]
[WhiteElo "1984"]
[BlackElo "2371"]
[Annotator "NA"]
[PlyCount "72"]
[EventDate "2021.12.18"]
[EventType "swiss"]
[EventCountry "POL"]
[SourceTitle "playchess.com"]
[Source "ChessBase"]
[SourceQuality "1"]
[TimeControl "900+10"]

1. d4 Nf6 2. Nf3 e6 3. Bg5 d5 4. e3 Be7 5. Bd3 O-O 6. Nbd2 Nbd7 7. c3 c5 8. h4 b6 9. g4 Bb7 10. Qc2 c4 11. Be2 b5 12. Bxf6 Nxf6 13.
Ne5 Ne4 14. g5 f6 15. gxf6 Bxf6 16. Nxe4 dxe4 17. h5 Bxe5 18.
dxe5 Qd5 19. Bg4 Qxe5 20. O-O-O Bd5 21. Rdg1 Rf7 22. Rg2 h6 23. Rhg1 a5 24. Qd2 b4 25. Bd1 a4 26. Qd4 Qxd4 27. cxd4 a3 28.
b3 cxb3 29. Bxb3 Bxb3 30. axb3 Ra5 31. Rg6 Rxh5 32. Rxe6 Rxf2 33. Re7 Rg5 34. Rxg5 hxg5 35. Kb1 g4 36. Rxe4 g3 0-1

[Event "European Rapid Championship 2021"]
[Site "Katowice"]
[Date "2021.12.19"]
[Round "8.29"]
[White "Baum, Jonasz"]
[Black "Kowalczyk, Mariusz"]
[Result "0-1"]
[ECO "E15"]
[WhiteElo "2343"]
[BlackElo "2047"]
[Annotator "NA"]
[PlyCount "90"]
[EventDate "2021.12.18"]
[EventType "swiss"]
[EventCountry "POL"]
[SourceTitle "playchess.com"]
[Source "ChessBase"]
[SourceQuality "1"]
[TimeControl "900+10"]

1. d4 Nf6 2. c4 e6 3. Nf3 b6 4. g3 Bb7 5. Bg2 g6 6. Nc3 Ne4 7. Nxe4 Bxe4 8.
h4 Bg7 9. Bg5 Qc8 10. Qd2 h6 11. Bf4 Qb7 12. Rd1 d6 13. b4 Nd7 14. O-O Nf6 15. a4 Rd8 16. a5 b5 17. Qc1 bxc4 18. Qxc4 O-O 19. Rc1 Rc8 20. Ne1 Bd5 21. Bxd5 Qxd5 22. Nd3 Qf5 23. Bd2 Ne4 24. Be3 Qg4 25. Nf4 g5 26. hxg5 hxg5 27. Ng2 d5 28. Qd3 Qh3 29. Bd2 Bf6 30. f4 g4 31. f5 Nxg3 32. Rf4 Bg5 33. Kf2 Bxf4 34. Bxf4 Ne4+ 35. Kg1 exf5 36. Qb5 g3 37. Be3 Qh2+ 38. Kf1 Qh1+ 39. Bg1 Nd2+ 40. Ke1 Qxg1+ 41. Kxd2 Qxg2 42. Re1 Rfe8 43.
Qd3 Re4 44. Kc3 Rce8 45. e3 Qf2 0-1

[Event "European Rapid Championship 2021"]
[Site "Katowice"]
[Date "2021.12.19"]
[Round "8.29"]
[White "Rudzinska, Michalina"]
[Black "Mikhaletz, Lubomir"]
[Result "1-0"]
[ECO "A06"]
[WhiteElo "1962"]
[BlackElo "2166"]
[Annotator "NA"]
[PlyCount "73"]
[EventDate "2021.12.18"]
[EventType "swiss"]
[EventCountry "POL"]
[SourceTitle "playchess.com"]
[Source "ChessBase"]
[SourceQuality "1"]
[TimeControl "900+10"]

1. Nf3 d5 2. b3 Bf5 3. Bb2 Nc6 4. e3 Nf6 5. d4 e6 6. a3 Be7 7. Bd3 Bxd3 8. Qxd3 Ne4 9. Nbd2 f5 10. Ne5 Nxe5 11. dxe5 O-O 12. O-O c6 13. f3 Ng5 14. b4 a5 15. c3 a4 16. c4 Qd7 17. Rad1 b5 18.
cxb5 cxb5 19. f4 Nf7 20. Nf3 Rfc8 21. Nd4 Rc4 22. Kh1 h5 23. Qe2 g6 24. e4 fxe4 25. f5 Rxd4 26. fxg6 Rxd1 27. gxf7+ Kg7 28. Qxd1 Rh8 29. Qe1 Kf8 30. Qg3 d4 31. Qf4 e3 32. Bxd4 e2 33. Re1 Rh7 34. Rxe2 Bg5 35. Bc5+ Be7 36. Rd2 Rxf7 37. Qxf7+ 1-0

[Event "European Rapid Championship 2021"]
[Site "Katowice"]
[Date "2021.12.19"]
[Round "8.30"]
[White "Semjonovs, Ilja"]
[Black "Vingris, Mikelis"]
[Result "1-0"]
[ECO "A46"]
[WhiteElo "2383"]
[BlackElo "1904"]
[Annotator "NA"]
[PlyCount "105"]
[EventDate "2021.12.18"]
[EventType "swiss"]
[EventCountry "POL"]
[SourceTitle "playchess.com"]
[Source "ChessBase"]
[SourceQuality "1"]
[TimeControl "900+10"]

1. d4 Nf6 2. Nf3 c5 3. c3 d5 4. Bg5 Nc6 5. e3 Qb6 6. Qb3 c4 7. Qc2 Bf5 8. Qc1 e6 9. Nbd2 Be7 10.
b3 cxb3 11. axb3 O-O 12. Be2 Rfc8 13. Qb2 Nb4 14. O-O Nd3 15. Bxd3 Bxd3 16. Rfc1 h6 17. Ne5 Bf5 18. Nd7 Nxd7 19. Bxe7 e5 20. Qa3 Rc6 21. Nf3 Rac8 22. Bb4 f6 23. h3 a6 24. Nd2 Bd3 25. Qb2 Qd8 26. Ra5 Bb5 27. Raa1 Qe8 28. Qa2 Bd3 29. c4 exd4 30. exd4 b5 31. c5 Nf8 32. Re1 Qf7 33. Re3 Bf5 34. Rae1 Ne6 35. Qb2 Nf4 36. Qc3 Re6 37. Rxe6 Bxe6 38. Qe3 g5 39. Nf1 Qh5 40. Ng3 Qg6 41. Ne2 Nxe2+ 42. Qxe2 Rc6 43. Ba5 Kf7 44. Bb6 g4 45. hxg4 Qxg4 46. Qa2 Qxd4 47. Qxa6 Qc3 48. Qb7+ Kg6 49. Re3 Qc1+ 50. Kh2 d4 51. Rg3+ Kf5 52. Qxc6 Qd2 53. Rf3+ 1-0

[Event "European Rapid Championship 2021"]
[Site "Katowice"]
[Date "2021.12.19"]
[Round "8.30"]
[White "Szpar, Milosz"]
[Black "Kacprzak, Kacper"]
[Result "1-0"]
[ECO "B53"]
[WhiteElo "2315"]
[BlackElo "2042"]
[Annotator "NA"]
[PlyCount "143"]
[EventDate "2021.12.18"]
[EventType "swiss"]
[EventCountry "POL"]
[SourceTitle "playchess.com"]
[Source "ChessBase"]
[SourceQuality "1"]
[TimeControl "900+10"]

1. e4 c5 2. Nf3 d6 3. d4 cxd4 4. Qxd4 Nf6 5. Nc3 a6 6. Bg5 Nc6 7. Qe3 e6 8. Be2 Be7 9. O-O O-O 10. Rfd1 Qc7 11. Rd2 b5 12. Rad1 Rd8 13. h3 Bb7 14. a3 Rac8 15. Qf4 Ne5 16. Nxe5 dxe5 17. Rxd8+ Rxd8 18. Rxd8+ Bxd8 19. Qe3 h6 20. Bh4 Be7 21. Bd3 Bc5 22. Qe2 Nd7 23. Nd1 Nf8 24. b4 Bb6 25. Bg3 Ng6 26. Kh1 Nf4 27. Qd2 Bc6 28. f3 a5 29. Bf2 axb4 30. axb4 Qa7 31. Bxb6 Qxb6 32. Qc3 f6 33. Kh2 h5 34. g3 Ng6 35. h4 Nf8 36. Kg2 Nd7 37. Qb3 Bb7 38.
Nc3 Ba6 39. Qa2 Nb8 40. Kf1 Kf7 41. Qa5 Qxa5 42. bxa5 Nc6 43. Bxb5 Bxb5+ 44. Nxb5 Nxa5 45. Ke2 Ke7 46. Kd3 g5 47. Kc3 Kd7 48. Kb4 Nb7 49. Na3 Kc6 50. Nc4 gxh4 51. gxh4 Nc5 52. Na5+ Kb6 53. Nc4+ Kc6 54. Na5+ Kb6 55. Nb3 Na6+ 56. Kc4 Kc6 57. Nc1 Nc5 58. Ne2 Kd6 59. Ng3 Nd7 60. Nxh5 f5 61. Kb5 Ke7 62. Ng3 fxe4 63. Nxe4 Nf8 64. c4 Ng6 65. h5 Nf4 66. Ng3 Kd7 67. c5 Kc7 68.
h6 Ng6 69. h7 Nh8 70. c6 Nf7 71. Ne4 Nh8 72. Ng5 1-0

[Event "European Rapid Championship 2021"]
[Site "Katowice"]
[Date "2021.12.19"]
[Round "9.1"]
[White "Adamczewski, Maciej"]
[Black "Druckenthaner, Andreas"]
[Result "0-1"]
[ECO "A80"]
[WhiteElo "2081"]
[BlackElo "2291"]
[Annotator "NA"]
[PlyCount "122"]
[EventDate "2021.12.18"]
[EventType "swiss"]
[EventCountry "POL"]
[SourceTitle "playchess.com"]
[Source "ChessBase"]
[SourceQuality "1"]
[TimeControl "900+10"]

1. d4 f5 2. g4 fxg4 3. h3 d5 4. Qd3 Nf6 5. Nc3 Nc6 6. Bf4 a6 7. a3 g6 8. hxg4 Bxg4 9. f3 Be6 10. Nh3 Bg7 11. Ng5 Bg8 12. e3 Nh5 13.
Rxh5 gxh5 14. Bh3 e5 15. dxe5 Nxe5 16. Qf5 Qe7 17. O-O-O c6 18. e4 h6 19. Ne6 Bxe6 20. Qxe6 Qxe6 21. Bxe6 d4 22. Ne2 Nxf3 23. Ng3 Bf6 24. Rf1 Ne5 25. Kd1 Ke7 26. Bb3 Raf8 27. Nf5+ Kd7 28. Ke2 Ng4 29. c3 d3+ 30. Kxd3 Bg5 31. Bg3 h4 32. Bd1 hxg3 33. Bxg4 Kc7 34. Rf3 h5 35. Bh3 h4 36. Kc4 Re8 37. Ng7 Rxe4+ 38. Kd3 Re5 39. Kd4 Rd5+ 40. Ke4 Rg8 41. c4 Rxg7 42. cxd5 cxd5+ 43. Kxd5 Be7 44. Rc3+ Kb8 45. Rc8+ Ka7 46. Bg2 h3 47. Bxh3 g2 48. Bxg2 Rxg2 49. b4 Rd2+ 50. Ke4 Rd7 51. Rc3 Bf6 52. Rf3 Bb2 53. Rb3 Bg7 54. Rg3 Kb8 55. Rg6 Kc7 56. Kf4 Bb2 57. Rg3 Rd4+ 58. Kf5 Kc6 59. Rb3 Rd2 60. Ke4 Kb5 61. Ke3 Rh2 0-1

[Event "European Rapid Championship 2021"]
[Site "Katowice"]
[Date "2021.12.19"]
[Round "9.2"]
[White "Kosakowski, Jakub"]
[Black "Balog, Imre"]
[Result "0-1"]
[ECO "C10"]
[WhiteElo "2438"]
[BlackElo "2629"]
[Annotator "ChessBase"]
[PlyCount "98"]
[EventDate "2021.12.18"]
[EventType "swiss"]
[EventCountry "POL"]
[SourceTitle "playchess.com"]
[Source "ChessBase"]
[SourceQuality "1"]
[TimeControl "900+10"]

1. e4 e6 2. d4 d5 3. Nd2 dxe4 4. Nxe4 Nd7 5. Bd3 Ngf6 6. Qe2 a6 7. Nf3 Nxe4 8. Bxe4 Nf6 9. Bg5 Qd6 10. O-O-O Nxe4 11. Qxe4 Qd5 12. Qxd5 exd5 13. Rhe1+ Be6 14. Bf4 O-O-O 15. Ng5 Re8 16. Re3 Kd7 17. Rde1 h6 18. Nxe6 Rxe6 19. Rxe6 fxe6 20. Kd2 Be7 21. Be5 Rf8 22. f3 g6 23. Kd3 h5 24. b3 Rf5 25. c4 dxc4+ 26. bxc4 Bd6 27. Ke4 b5 28. cxb5 axb5 29. Rb1 Bxe5 30. dxe5 Kc6 31. h4 Rf8 32. Rb2 Kc5 33. g4 b4 34. gxh5 gxh5 35. Rc2+ Kb6 36. Rg2 c5 37. Rg6 Re8 38. f4 Kb5 39. f5 exf5+ 40. Kxf5 c4 41. e6 c3 42. Kf6 c2 43.
Rg1 Kc4 44. Kf7 Ra8 45. e7 Kc3 46. e8=Q Rxe8 47. Kxe8 Kb2 48. Kf7 Kxa2 49. Kg6 b3 0-1

[Event "European Rapid Championship 2021"]
[Site "Katowice"]
[Date "2021.12.19"]
[Round "9.2"]
[White "Kowalski, Igor"]
[Black "Kukula, Pawel"]
[Result "1-0"]
[ECO "A48"]
[WhiteElo "2295"]
[BlackElo "2088"]
[Annotator "NA"]
[PlyCount "91"]
[EventDate "2021.12.18"]
[EventType "swiss"]
[EventCountry "POL"]
[SourceTitle "playchess.com"]
[Source "ChessBase"]
[SourceQuality "1"]
[TimeControl "900+10"]

1. d4 Nf6 2. Nf3 g6 3. Nc3 d5 4. Bf4 c6 5. e3 Bg7 6. Be2 O-O 7. h4 h5 8. Ne5 Nbd7 9. f3 Nxe5 10. Bxe5 Nd7 11. Bxg7 Kxg7 12. g4 Nf6 13. gxh5 Nxh5 14. Qd2 Ng3 15. Rh2 Qd6 16. Bd3 Rh8 17. O-O-O a5 18. Rg1 a4 19. f4 Nf5 20. h5 Bd7 21. hxg6 fxg6 22. Rxh8 Rxh8 23. Nxa4 Qf6 24. Nc5 Bc8 25. b3 Rh3 26. Bxf5 Bxf5 27. Nxb7 Qh4 28. Rg2 Be4 29. Re2 Rh1+ 30. Kb2 Qg3 31. Qb4 Kf8 32. Nd8 Qg1 33.
Ka3 Qc1+ 34. Ka4 Qf1 35. Rd2 Qa6+ 36. Qa5 Qc8 37. Qb6 Qa8+ 38. Kb4 Qxa2 39. Nxc6 Ra1 40. Qd8+ Kg7 41. Qxe7+ Kg8 42. Qe8+ Kg7 43. Rh2 Qa3+ 44. Kc3 Ra2 45. Qh8+ Kf7 46. Rh7+ 1-0

[Event "European Rapid Championship 2021"]
[Site "Katowice"]
[Date "2021.12.19"]
[Round "9.3"]
[White "Bernadskiy, Vitaliy"]
[Black "Brodowski, Piotr"]
[Result "1-0"]
[ECO "B07"]
[WhiteElo "2616"]
[BlackElo "2414"]
[Annotator "ChessBase"]
[PlyCount "135"]
[EventDate "2021.12.18"]
[EventType "swiss"]
[EventCountry "POL"]
[SourceTitle "playchess.com"]
[Source "ChessBase"]
[SourceQuality "1"]
[TimeControl "900+10"]

1. e4 d6 2. d4 Nf6 3. Nc3 g6 4. Bg5 Nbd7 5. Qe2 h6 6. Bh4 g5 7. Bg3 e5 8. dxe5 Nxe5 9. O-O-O Qe7 10. h4 Bg7 11. hxg5 hxg5 12. Rxh8+ Bxh8 13. Qd2 Nh5 14. Nd5 Qd8 15. Bh2 c6 16. Nc3 Be6 17. f3 Bf6 18.
Qxd6 Qxd6 19. Rxd6 g4 20. Bxe5 Bxe5 21. Rd1 g3 22. Nge2 Ke7 23. Kd2 f5 24. Ke1 f4 25. Na4 b6 26. Nd4 Bd7 27. Nc3 Nf6 28.
Nce2 a5 29. c3 a4 30. Nc1 a3 31. b3 c5
32. Nd3 Bc7 33. Ne2 Nh5 34. c4 Be6 35. Nc3 Kf7 36. Kd2 Nf6 37.
Kc2 Rh8 38. Nb5 Bb8 39. Nxa3 Rh2 40. Nb5 Bh3 41. Ne1 Rh1 42. Bd3 Rh2 43. Rd2 Rh1 44. Re2 Bd7 45. e5 Bxb5 46. cxb5 Ne8 47. Bc4+ Ke7 48. Nd3 Ng7 49. Nxf4 Nf5 50. Nd5+ Ke8 51.
Re4 Nd4+ 52. Kd3 Nxf3 53. e6 Ne5+ 54. Kc3 Rg1 55. Rh4 Ng6 56.
Rh7 Be5+ 57. Kd3 Rxg2 58. Rh6 Nf4+ 59. Nxf4 Bxf4 60. Rh8+ Ke7 61. Rh7+ Ke8 62. Ke4 Bg5 63. Kf3 Rg1 64. Bd5 g2 65. Bc6+ Kf8 66. Kg4 Be7 67. Rf7+ Kg8 68. Rxe7 1-0

[Event "European Rapid Championship 2021"]
[Site "Katowice"]
[Date "2021.12.19"]
[Round "9.3"]
[White "Lubczynski, Rafal"]
[Black "Brzezinski, Mateusz"]
[Result "1/2-1/2"]
[ECO "A14"]
[WhiteElo "2289"]
[BlackElo "2187"]
[Annotator "NA"]
[PlyCount "111"]
[EventDate "2021.12.18"]
[EventType "swiss"]
[EventCountry "POL"]
[SourceTitle "playchess.com"]
[Source "ChessBase"]
[SourceQuality "1"]
[TimeControl "900+10"]

1. Nf3 Nf6 2. c4 e6 3. g3 d5 4. Bg2 Be7 5. O-O O-O 6. d4 c5 7. cxd5 exd5 8. dxc5 Bxc5 9. Qc2 Be7 10. Rd1 Nc6 11. Nc3 Be6 12. Bg5 Qa5 13. Nd4 Nxd4 14. Rxd4 Rfd8 15. Qd2 Kf8 16. Rd1 Qb6 17. Be3 Qa6 18. Ra4 Qc6 19. Qd4 b6 20. Rc1 Qd7 21. Qd3 Rac8 22. Qa6 Rc7 23. Rd1 Qc6 24. Qd3 Qb7 25. Nb5 Qc6 26. Rxa7 Rxa7 27. Nxa7 Qa4 28. Bxb6 Rb8 29. b3 Qxa2 30. Qe3 Ng4 31. Qd4 Qxb3 32. Bc5 Bxc5 33. Qxc5+ Kg8 34. Rc1 Qb6 35. Qxb6 Rxb6 36. Nc6 Kf8 37. Bf3 Nf6 38. Kg2 Nd7 39. h4 g6 40. Rc2 h5 41. Rc1 Kg7 42. Rc3 Kf6 43. e3 Rb2 44. Nd4 Ne5 45.
Be2 Bg4 46. Bf1 Bf5 47. Nxf5 Kxf5 48. Kg1 Ke6 49. Bg2 Rd2 50. Ra3 Rc2 51. Ra6+ Rc6 52. Rxc6+ Nxc6 53. Kf1 Kd6 54. Ke2 Ne5 55. Kd2 Ng4 56. Ke2 1/2-1/2

[Event "European Rapid Championship 2021"]
[Site "Katowice"]
[Date "2021.12.19"]
[Round "9.4"]
[White "Sumets, Andrey"]
[Black "Keinanen, Toivo"]
[Result "1/2-1/2"]
[ECO "D37"]
[WhiteElo "2508"]
[BlackElo "2341"]
[Annotator "ChessBase"]
[PlyCount "62"]
[EventDate "2021.12.18"]
[EventType "swiss"]
[EventCountry "POL"]
[SourceTitle "playchess.com"]
[Source "ChessBase"]
[SourceQuality "1"]
[TimeControl "900+10"]

1. d4 d5 2. c4 e6 3. Nf3 Nf6 4. Nc3 Be7 5. cxd5 exd5 6. Qc2 c5 7.
dxc5 d4 8. Ne4 O-O 9. Nxf6+ Bxf6 10. e4 Nc6 11. a3 Bg4 12. Bd3 Rc8 13. b4 b6 14. Nd2 bxc5 15. bxc5 Ne5 16. Nb3 Be6 17. O-O Bxb3 18. Qxb3 Rxc5 19. Bd2 Qb6 20. Rfb1 Qxb3 21. Rxb3 Nxd3 22. Rxd3 Rb8 23. Bb4 Rc2 24. Rad1 g5 25. Kf1 Rb5 26. R3d2 Rc4 27. g3 g4 28. Bd6 h5 29. e5 Bxe5 30. Bxe5 Rxe5 31. Rxd4 Rxd4 1/2-1/2